 Dungeon Crawl Stone Soup version 0.31-a0-523-g071a6c1ffa (webtiles) character file.

Game seed: 7543094948116388306

2186 Sabo the Chopper (level 9, -16/67 HPs)
             Began as a Demonspawn Fighter on Aug 10, 2023.
             Was a Priest of Qazlal.
             Demolished by a large slime creature (21 damage)
             ... on level 6 of the Dungeon on Aug 11, 2023.
             The game lasted 00:32:17 (5183 turns).

Sabo the Chopper (Demonspawn Fighter)               Turns: 5183, Time: 00:32:19

Health: -16/67     AC: -3    Str: 21    XL:     9   Next: 11%
Magic:  9/9        EV: 11    Int:  9    God:    Qazlal [***...]
Gold:   362        SH: 10    Dex: 13    Spells: 8/8 levels left

rFire   . . .        a - +0 war axe
rCold   . . .        c - +0 buckler
rNeg    . . .        t - +2 ring mail {rPois}
rPois   +            s - +0 hat
rElec   .            (no cloak)
rCorr   .            (no gloves)
SInv    .            (no boots)
Will    .....        p - amulet "Moluyxom" {Faith rPois}
Stlth   +            (no ring)
HPRegen 0.31/turn    (no ring)
MPRegen 0.11/turn

%: faith
@: corroded
A: claws 2, horns 1, foul stench 1, powered by death 1, weakness stinger 1
a: Renounce Religion, Upheaval, Elemental Force


You were on level 6 of the Dungeon.
You worshipped Qazlal.
Qazlal was most pleased with you.
You visited 1 branch of the dungeon, and saw 6 of its levels.

You collected 362 gold pieces.

Inventory:

Hand Weapons
 a - a +0 war axe (weapon)
 o - a +0 sling
Missiles
 j - 2 throwing nets
 q - 19 poisoned darts
 w - 3 curare-tipped darts
Armour
 c - a +0 buckler (worn)
 s - a +0 hat (worn)
 t - a +2 ring mail of poison resistance (worn)
Jewellery
 p - the amulet "Moluyxom" (around neck) {Faith rPois}
   (You took it off an orc on level 4 of the Dungeon)

   [amulet of faith]

   Faith:     It allows you to gain divine favour quickly.
   rPois:     It protects you from poison
Wands
 u - a wand of roots (20)
Scrolls
 b - a scroll of enchant weapon
 g - a scroll of fear
 h - 3 scrolls of teleportation
 m - a scroll of summoning
Potions
 d - 2 potions of might
 e - 3 potions of haste
 f - a potion of lignification
 i - a potion of cancellation {unknown}
 k - a potion of degeneration {unknown}
 l - 2 potions of heal wounds
 n - 2 potions of curing {unknown}
 r - a potion of invisibility {unknown}
 v - a potion of enlightenment {unknown}


   Skills:
 + Level 4.9 Fighting
 + Level 7.6 Axes
 + Level 5.3 Armour
 + Level 2.9 Dodging
 + Level 1.2 Stealth
 + Level 5.2 Shields


You had 8 spell levels left.
You didn't know any spells.
Your spell library contained the following spells:

 Spells                   Type           Power      Damage    Failure   Level
 Blink                    Tloc           0%         N/A       75%         2
 Lesser Beckoning         Tloc           0%         N/A       75%         2
 Momentum Strike          Conj/Tloc      0%         3d8       75%         2
 Gell's Gravitas          Tloc           0%         N/A       93%         3
 Ozocubu's Armour         Ice            0%         N/A       93%         3
 Teleport Other           Tloc           0%         N/A       93%         3
 Metabolic Englaciation   Hex/Ice        0%         N/A       100%        5
 Dispersal                Tloc           0%         N/A       100%        6
 Simulacrum               Ice/Necr       0%         N/A       100%        6


Dungeon Overview and Level Annotations

Branches:
Dungeon (6/15)
 Temple: D:4-7

Altars:
Fedhas
Kikubaaqudgha
Okawaru
Qazlal
Sif Muna


Innate Abilities, Weirdness & Mutations

You have very sharp fingernails.
You have a pair of small horns on your head.
You may rarely emit foul miasma when damaged in melee.
You regenerate a little health from kills.
You have a small tail.


Message History

Qazlal accepts your kill.
You slash the slime creature!
The slime creature hits you but does no damage.
You hit the jelly. The acid corrodes you!
Your claws burn!
You headbutt the jelly, but do no damage.
The jelly is lightly wounded.
You hit the slime creature. The jelly barely misses you.
You block the slime creature's attack.
Two slime creatures merge to form a large slime creature.
You block the jelly's attack.
You hit the large slime creature. You tail-slap the large slime creature.
The large slime creature is moderately wounded.
You hit the jelly. The acid corrodes you!
Your claws burn!
The jelly completely misses you. The large slime creature hits you!
You slash the large slime creature!
You headbutt the large slime creature, but do no damage.
The large slime creature is moderately wounded.
You hit the endoplasm but do no damage. You hit the jelly but do no damage.
Your claws burn!
The jelly hits you. The acid corrodes you!
You are splashed with acid!
The endoplasm hits you.
You emit a cloud of foul miasma!
The large slime creature closely misses you.
You slash the large slime creature!
The large slime creature is heavily wounded.
You hit the endoplasm but do no damage. You hit the jelly but do no damage.
Your claws burn!
The jelly hits you.
You are splashed with acid!
The endoplasm is engulfed in dark miasma.
The endoplasm is poisoned.
The endoplasm seems to slow down.
The endoplasm freezes you.
You are frozen.
The endoplasm jiggles.
The large slime creature hits you!
* * * LOW HITPOINT WARNING * * *
You hit the large slime creature.
The large slime creature is heavily wounded.
You barely miss the endoplasm. You slash the jelly!
Your claws burn!
* * * LOW HITPOINT WARNING * * *
The endoplasm is no longer moving slowly.
The jelly barely misses you. The large slime creature hits you!!
You die...

##...........>.#.............##
###..............##.............#
#.##....<....)....###..........##
#....>.........................#
...............................#
....##......#############.....##
##..######### ########.....#
#...# ##########JJ....##.....#
##..###......##@JJ....##.....#
#..##.......#.#JJ.÷..##.###....
#..)).......#.#JJ.P..##.# ###.
#..').....).#.#J÷..÷.##.####
##.)).....#'#.#....PP##....###.
#.##.....#.#)#......##.#....#.
#####....#.#.#÷PP..P##.##.....
#######.##...÷.?##.......# ###
#........


You could see a large slime creature, 3 jellies and 5 endoplasms.

Vanquished Creatures
  2 ice beasts (D:6)
  An orc warrior (D:5)
  3 black bears
  An ogre (D:6)
  A phantom (D:5)
  6 kobold brigands (D:6)
  4 scorpions
  A vampire bat (D:3)
  2 howler monkeys (D:6)
  A jelly (D:4)
  3 hounds
  4 orc priests
  4 sleepcaps
  3 iguanas
  4 orc wizards
  5 adders
  2 white imps
  An ufetubus (D:5)
  24 orcs
  4 ball pythons
  4 bats
  4 bat skeletons (D:3)
  3 bat zombies (D:3)
  10 endoplasms
  A giant cockroach (D:3)
  6 goblins
  12 hobgoblins
  4 jackals
  3 quokkas
  3 frilled lizards (D:1)
  14 kobolds
  3 rats
143 creatures vanquished.

Notes
Turn   | Place    | Note
-------+----------+-------------------------------------------
     0 | D:1      | Sabo the Demonspawn Fighter began the quest for the Orb.
     0 | D:1      | Reached XP level 1. HP: 18/18 MP: 1/1
   235 | D:1      | Gained mutation: You regenerate a little health from kills.
                  | [demonic ancestry]
   235 | D:1      | Reached XP level 2. HP: 18/24 MP: 2/2
   288 | D:1      | Reached skill level 2 in Axes
   913 | D:2      | Reached XP level 3. HP: 29/29 MP: 3/3
   983 | D:2      | Found an ancient bone altar of Kikubaaqudgha.
  1036 | D:2      | Found a faded altar of an unknown god.
  1717 | D:2      | You fall into a shaft and drop 1 floor!
  1773 | D:3      | Found a blossoming altar of Fedhas.
  1774 | D:3      | Found a stormy altar of Qazlal.
  1799 | D:3      | Became a worshipper of Qazlal Stormbringer
  1882 | D:3      | Found an iron altar of Okawaru.
  1884 | D:3      | Found a shimmering blue altar of Sif Muna.
  1994 | D:3      | Discovered your monstrous ancestry.
  1994 | D:3      | Gained mutation: You have a pair of small horns on your
                  | head. [demonic ancestry]
  1994 | D:3      | Reached XP level 4. HP: 25/35 MP: 4/4
  2220 | D:3      | Reached skill level 3 in Axes
  2265 | D:3      | Upgraded the game from 0.31-a0-507-gbafd7f5274 to
                  | 0.31-a0-521-gc7390f8997
  2678 | D:3      | Found an ancient bone altar of Kikubaaqudgha.
  2684 | D:3      | Reached XP level 5. HP: 41/41 MP: 5/5
  2786 | D:3      | Reached skill level 1 in Dodging
  3041 | D:3      | Upgraded the game from 0.31-a0-521-gc7390f8997 to
                  | 0.31-a0-523-g071a6c1ffa
  3112 | D:4      | Reached * piety under Qazlal
  3122 | D:4      | Identified the amulet "Moluyxom" {Faith rPois}
  3133 | D:4      | Reached skill level 4 in Axes
  3222 | D:4      | Gained mutation: You have a small tail. [demonic ancestry]
  3222 | D:4      | Reached XP level 6. HP: 35/47 MP: 6/6
  3598 | D:4      | Reached ** piety under Qazlal
  3737 | D:4      | Reached skill level 5 in Axes
  3737 | D:4      | Gained mutation: You have sharp fingernails. [demonic
                  | ancestry]
  3737 | D:4      | Reached XP level 7. HP: 53/53 MP: 7/7
  3872 | D:5      | Entered Level 5 of the Dungeon
  4122 | D:5      | Reached skill level 1 in Stealth
  4193 | D:5      | Reached skill level 6 in Axes
  4193 | D:5      | Gained mutation: You may rarely emit foul miasma when
                  | damaged in melee. [demonic ancestry]
  4193 | D:5      | Reached XP level 8. HP: 59/60 MP: 8/8
  4636 | D:6      | Reached skill level 5 in Armour
  4641 | D:6      | Reached *** piety under Qazlal
  4829 | D:6      | Reached skill level 7 in Axes
  5123 | D:6      | Gained mutation: You have very sharp fingernails. [demonic
                  | ancestry]
  5123 | D:6      | Reached XP level 9. HP: 55/67 MP: 9/9
  5130 | D:6      | Reached skill level 5 in Shields
  5183 | D:6      | Demolished by a large slime creature

Illustrated notes

Levels and vault maps discovered:
D:1:      elethiomel_arrival_infinity_welcomes_careful_drivers,
          layout_loops_cross, roderic_nine_men_s_morris
D:2:      layout_basic, hellmonk_ecumenical_altar_heavens_door, basic_altar,
          minmay_door_square
D:3:      layout_loops_corners, grunt_temple_overflow_forces_of_nature,
          kennysheep_vampire_church, chequers_temple_overflow_statue_of_worship
D:4:      layout_rooms, serial_forest, infiniplex_forest_clump_diagonal,
          infiniplex_forest_zigzag_2, infiniplex_forest_end_1,
          infiniplex_forest_lined_ring, infiniplex_forest_lined_room_2,
          infiniplex_forest_clump_medium, infiniplex_forest_corner_1
D:5:      layout_basic
D:6:      cheibrodos_fertilizer, layout_cave_pools,
          nicolae_gozag_cash_rules_everything_around_me,
          kennysheep_generic_room_8

Skill      XL: |  1  2  3  4  5  6  7  8  9 |
---------------+----------------------------+-----
Armour         | 3 4 5 |  5.3
Axes           | 2 3 4 5 6 7 |  7.6
Shields        | 3 4 5 |  5.2
Dodging        | 1 2 |  2.9
Fighting       | 4 |  4.9
Stealth        | 1 |  1.2

Action                     |  1- 3 |  4- 6 |  7- 9 || total
---------------------------+-------+-------+-------++-------
  Melee: War axe           |   106 |   107 |   176 ||   389
         Headbutt          |       |    23 |    37 ||    60
         Tailslap          |       |     3 |    30 ||    33
    Use: Scroll            |     5 |     1 |     4 ||    10
 Armour: Scale mail        |    47 |    47 |       ||    94
         Chain mail        |       |    43 |    30 ||    73
         Ring mail         |       |       |    60 ||    60
  Dodge: Dodged            |    60 |    63 |    83 ||   206
  Block: Buckler           |    28 |    49 |    83 ||   160

Table legend: (Time is in decaauts)
 A = Elapsed time spent in this place.
 B = Non-inter-level travel time spent in this place.
 C = Inter-level travel time spent in this place.
 D = Time resting spent in this place.
 E = Time spent auto-exploring this place.
 F = Levels seen in this place.
 G = Mean time per level.
                   A        B        C        D        E       F      G
               +--------+--------+--------+--------+--------+-----+--------+
         Total |   5302 |   5302 |      0 |    748 |      0 |   6 |  883.7 |
       Dungeon |   5302 |   5302 |      0 |    748 |      0 |   6 |  883.7 |
               +--------+--------+--------+--------+--------+-----+--------+

Top non-repeatable levels by time:
     D:3: 1349 daAuts
     D:1: 919 daAuts
     D:4: 848 daAuts
     D:2: 836 daAuts
     D:6: 713 daAuts
     D:5: 635 daAuts
